 Dungeon Crawl Stone Soup version 0.26-a0-639-g72c4674329 (webtiles) character file.

Game seed: 6804854455168283074

7539 Ijustatesigmund the Slinger (level 11, 0/84 HPs)
             Began as a Halfling Hunter on Sept 17, 2020.
             Was a Priest of Cheibriados.
             Slain by a death yak (14 damage)
             ... on level 8 of the Dungeon.
             The game lasted 00:23:21 (9525 turns).

Ijustatesigmund the Slinger (Halfling Hunter)       Turns: 9525, Time: 00:23:21

Health: 0/84       AC: 15    Str: 20    XL:     11   Next: 39%
Magic:  15/15      EV: 13    Int: 20    God:    Cheibriados [***...]
Gold:   229        SH: 14    Dex: 25    Spells: 10/10 levels left

rFire    + . .     SeeInvis .   z - +7 scimitar of Res Nullius {freeze, rElec Int+3}
rCold    . . .     Faith    .   l - +1 buckler
rNeg     . . .     Spirit   .   c - +2 chain mail {rF+}
rPois    +         Reflect  +   (no helmet)
rElec    +         Harm     .   (no cloak)
rCorr    .         Rampage  .   m - +0 pair of gloves
MR       .....                  t - +0 pair of boots (curse)
Stlth    ..........             E - amulet of reflection
HPRegen  0.24/turn              i - ring of poison resistance
MPRegen  0.14/turn              (no ring)

@: very slow
A: small, mutation resistance 1, robust 1
a: Bend Time, Temporal Distortion, Renounce Religion


You were on level 8 of the Dungeon.
You worshipped Cheibriados.
Cheibriados was most pleased with you.
You visited 2 branches of the dungeon, and saw 11 of its levels.

You collected 644 gold pieces.
You spent 415 gold pieces at shops.

Inventory:

Hand Weapons
 a - a +5 hunting sling of freezing
 b - a +0 short sword
 z - the +7 scimitar of Res Nullius (weapon) {freeze, rElec Int+3}
   (You found it on level 5 of the Dungeon)

   It has been specially enchanted to freeze those struck by it, causing extra
   injury to most foes and up to half again as much damage against particularly
   susceptible opponents.
   It can also slow down cold-blooded creatures.
   It affects your intelligence (+3).
   It insulates you from electricity.
Missiles
 f - 3 atropa-tipped darts (quivered)
 h - 182 stones
 w - 5 curare-tipped darts
Armour
 c - a +2 chain mail of fire resistance (worn)
 l - a +1 buckler (worn)
 m - a +0 pair of gloves (worn)
 t - a cursed +0 pair of boots (worn)
 A - a +0 crystal plate armour
Jewellery
 i - a ring of poison resistance (left hand)
 v - an uncursed ring of fire
 y - an uncursed ring of protection from cold {unknown}
 E - an amulet of reflection (around neck)
Scrolls
 o - 3 scrolls of fog
 p - 6 scrolls of magic mapping
 r - 6 scrolls of remove curse
 s - 4 scrolls of fear
 B - 2 scrolls of amnesia
 C - 2 scrolls of teleportation
 D - a scroll of blinking
 F - a scroll of identify
Potions
 d - a potion of flight {unknown}
 e - 3 potions of curing
 g - a potion of resistance
 j - 3 potions of ambrosia
 k - a potion of brilliance
 n - 2 potions of haste
 q - 4 potions of lignification {unknown}
 u - a potion of degeneration {unknown}
 x - a potion of berserk rage


   Skills:
 + Level 8.2 Fighting
 - Level 6.8 Short Blades
 - Level 8.7 Slings
 + Level 7.9 Armour
 - Level 3.5 Dodging
 - Level 4.4 Stealth
 + Level 7.5 Shields
 + Level 6.1 Invocations


You had 10 spell levels left.
You didn't know any spells.
Your spell library contained the following spells:

 Spells                   Type           Power        Failure   Level
 Ignite Poison            Fire/Tmut/Pois #.......     99%         3
 Fireball                 Conj/Fire      #.........   100%        5
 Starburst                Conj/Fire      #.........   100%        6
 Ignition                 Fire           #.........   100%        8


Dungeon Overview and Level Annotations

Branches:
Dungeon (10/15)            Temple (1/1) D:7            Lair (0/6) D:9
    Orc: D:9-12

Altars:
Ashenzari
Cheibriados
Dithmenos
Elyvilon
Fedhas
Gozag
Hepliaklqana
Kikubaaqudgha
Makhleb
Nemelex Xobeh
Okawaru
Qazlal
Ru
Sif Muna
Trog
Uskayaw
Vehumet
Wu Jian
Xom
Yredelemnul
Zin
The Shining One

Shops:
D:4 ?   D:8 }

Annotations:
D:5 2 runed translucent doors


Innate Abilities, Weirdness & Mutations

You are small and have problems with some larger weapons.
You are somewhat resistant to further mutation.
You are robust. (+10% HP)


Message History

The death yak is moderately wounded.
You slash the death yak! You freeze the death yak.
The death yak is heavily wounded.
The death yak gores you!!
* * * LOW HITPOINT WARNING * * *
You are too injured to fight recklessly!
You are too injured to fight recklessly!
You are too injured to fight recklessly!
You feel better. The death yak gores you!!
* * * LOW HITPOINT WARNING * * *
You hit the death yak. You freeze the death yak.
The death yak is severely wounded.
You block the death yak's attack. x2
You slash the death yak! You freeze the death yak.
The death yak is almost dead.
You block the death yak's attack.
You completely miss the death yak.
The death yak is almost dead.
The death yak gores you!
You die...

.#.# #.............#
##.###............<#
##.##..............#
##.................#
#.........[).......#
...................#
..............<....#
...................#
................@.##
.................Y#
.................##
.....#..........##
.....##..........##
......##......#...##
......###....####..#
......##....##
##..## ......##..###
#....#


You could see a death yak.

Vanquished Creatures
  A two-headed ogre (D:10)
  2 death yaks
  An unseen horror (D:10)
  Pikel (D:5)
  A gargoyle (D:10)
  Grinder (D:4)
  A hippogriff (D:10)
  A wyvern (D:8)
  A steam dragon (D:8)
  A water moccasin (D:7)
  3 orc warriors
  3 ice beasts
  A sky beast (D:10)
  An ogre (D:8)
  A centaur (D:6)
  4 bullfrogs
  A gnoll sergeant (D:10)
  2 scorpions
  8 killer bees
  4 howler monkeys
  8 wights
  3 centaur zombies
  4 hounds
  5 orc priests
  A quasit (D:7)
  2 bullfrog skeletons
  7 orc wizards
  An iguana (D:10)
  11 worker ants
  2 hound skeletons
  15 gnolls
  2 howler monkey zombies
  10 adders
  A white imp (D:7)
  An ufetubus (D:3)
  An ooze (D:2)
  5 worms
  3 dart slugs (D:3)
  5 leopard geckos
  30 orcs
  2 ball pythons
  3 bats
  4 giant cockroaches
  3 goblins
  2 hobgoblins (D:3)
  8 jackals
  10 kobolds
  2 quokkas
  7 frilled lizards
  A quokka zombie (D:5)
  8 rats
206 creatures vanquished.

Vanquished Creatures (others)
  A killer bee (D:8)
1 creature vanquished.

Grand Total: 207 creatures vanquished

Notes
Turn   | Place    | Note
-------+----------+-------------------------------------------
     0 | D:1      | Ijustatesigmund the Halfling Hunter began the quest for the
                  | Orb.
     0 | D:1      | Reached XP level 1. HP: 14/14 MP: 1/1
   188 | D:1      | Reached XP level 2. HP: 19/19 MP: 2/2
   685 | D:2      | Found a bloodstained altar of Trog.
   820 | D:2      | Reached XP level 3. HP: 24/24 MP: 3/3
  1455 | D:3      | Reached XP level 4. HP: 29/29 MP: 4/4
  1846 | D:2      | Reached skill level 1 in Armour
  1846 | D:2      | Reached XP level 5. HP: 30/34 MP: 5/5
  2058 | D:3      | Reached XP level 6. HP: 41/41 MP: 6/6
  3037 | D:4      | Noticed Grinder
  3041 | D:4      | Paralysed by Grinder for 5 turns
  3050 | D:4      | Paralysed by Grinder for 5 turns
  3079 | D:4      | Found Tucwapih's Magic Scroll Shop.
  3088 | D:4      | Bought a scroll of fog for 26 gold pieces
  3088 | D:4      | Bought a scroll of magic mapping for 45 gold pieces
  3088 | D:4      | Bought a scroll of remove curse for 39 gold pieces
  3088 | D:4      | Bought a scroll of fear for 45 gold pieces
  3132 | D:4      | Killed Grinder
  3132 | D:4      | Reached XP level 7. HP: 45/45 MP: 7/7
  3582 | D:5      | Entered Level 5 of the Dungeon
  3625 | D:5      | Noticed Pikel
  3647 | D:5      | Killed Pikel
  3647 | D:5      | Reached XP level 8. HP: 54/54 MP: 8/8
  3802 | D:5      | Reached skill level 5 in Fighting
  3968 | D:5      | Found a large runed translucent door.
  3968 | D:5      | Found a large runed translucent door.
  3980 | D:5      | Gained mutation: You are agile. (Dex +2) [potion of
                  | mutation]
  4006 | D:5      | Reached skill level 1 in Shields
  4013 | D:5      | Found a large runed translucent door.
  4013 | D:5      | Found a large runed translucent door.
  4236 | D:5      | Reached XP level 9. HP: 61/61 MP: 9/9
  4313 | D:5      | Got an ichor-stained scimitar
  4314 | D:5      | Identified the +7 scimitar of Res Nullius {freeze, rElec
                  | Int+3} (You found it on level 5 of the Dungeon)
  5560 | D:7      | Lost mutation: You are agile. (Dex +2) [potion of mutation]
  5560 | D:7      | Gained mutation: You are occasionally teleported next to
                  | monsters. [potion of mutation]
  5561 | D:7      | Lost mutation: You are occasionally teleported next to
                  | monsters. [potion of mutation]
  5561 | D:7      | Gained mutation: You are robust. (+10% HP) [potion of
                  | mutation]
  5823 | D:7      | Found a staircase to the Ecumenical Temple.
  5850 | Temple   | Entered the Ecumenical Temple
  6144 | Temple   | Became a worshipper of Cheibriados the Contemplative
  6272 | D:7      | Reached skill level 1 in Invocations
  6378 | D:8      | Reached skill level 5 in Armour
  6411 | D:8      | Found a white marble altar of Elyvilon.
  6562 | D:8      | Reached XP level 10. HP: 75/75 MP: 11/11
  6810 | D:8      | Found Daogef's Gadget Boutique.
  6827 | D:8      | Reached * piety under Cheibriados
  6843 | D:8      | Reached skill level 5 in Shields
  7142 | D:4      | Bought a scroll of brand weapon for 260 gold pieces
  7498 | D:8      | Reached ** piety under Cheibriados
  7961 | D:9      | Found a staircase to the Lair.
  7961 | D:9      | Noticed a death yak
  7961 | D:9      | Noticed a death yak
  7963 | D:9      | Noticed a death yak
  7965 | D:9      | Noticed a death yak
  7967 | D:9      | Noticed a death yak
  7988 | D:8      | Killed a death yak
  8520 | D:9      | Found a stormy altar of Qazlal.
  8618 | D:10     | Entered Level 10 of the Dungeon
  8632 | D:10     | Killed a death yak
  8632 | D:10     | Reached XP level 11. HP: 38/83 MP: 14/14
  8842 | D:10     | Reached skill level 5 in Invocations
  9071 | D:10     | Noticed a two-headed ogre
  9082 | D:10     | Killed a two-headed ogre
  9228 | D:10     | Killed an unseen horror
  9300 | D:10     | Reached *** piety under Cheibriados
  9507 | D:9      | Noticed a death yak
  9507 | D:9      | Noticed a death yak
  9525 | D:8      | Slain by a death yak

Illustrated notes

Levels and vault maps discovered:
D:1:      minmay_arrival_solitary_statue, layout_loops_ring
D:2:      layout_loops_corners, st_stairs_13, bloody_trog
D:3:      layout_basic
D:4:      layout_loops_ring, serial_shops, shop, uniq_grinder
D:5:      layout_basic, minmay_hollow_rounded_squares, uniq_pikel
D:6:      layout_cave_pools
D:7:      layout_rooms, minmay_temple_entry_nine_rooms
D:8:      layout_cave_pods, elyvilon_altar_3, serial_shops, shop
D:9:      layout_rooms, dpeg_lair_monsters, minmay_misc_feat_columns,
          nicolae_qazlal_style_of_elements
D:10:     layout_roguey, uniq_psyche
Temple:   roderic_octagonal_lattice_temple

Skill      XL: |  1  2  3  4  5  6  7  8  9 10 11 |
---------------+----------------------------------+-----
Slings         | 6 7 8 |  8.7
Fighting       | 2 4 5 6 7 8 |  8.2
Armour         | 1 2 3 5 7 |  7.9
Dodging        | 3 |  3.5
Short Blades   | 4 6 |  6.8
Shields        | 1 4 6 7 |  7.5
Stealth        | 4 |  4.4
Invocations    | 1 4 6 |  6.1

Action                   |  1- 3 |  4- 6 |  7- 9 | 10-12 || total
-------------------------+-------+-------+-------+-------++-------
Melee: Short sword       |       |    11 |    15 |       ||    26
       Scimitar          |       |       |    13 |   107 ||   120
 Fire: Hunting sling     |    88 |   163 |   323 |   217 ||   791
Throw: Dart              |       |       |     2 |     3 ||     5
  Use: Scroll            |     4 |     7 |     7 |     5 ||    23
       Potion            |       |     2 |     5 |     2 ||     9
Armor: Ring mail         |     5 |    14 |     8 |       ||    27
       Chain mail        |       |       |    57 |   100 ||   157
Dodge: Dodged            |    12 |    33 |    47 |   113 ||   205
Block: Buckler           |       |       |    39 |    99 ||   138
       Rpst.: Scimitar   |       |       |     1 |    20 ||    21

Table legend: (Time is in decaauts)
 A = Elapsed time spent in this place.
 B = Non-inter-level travel time spent in this place.
 C = Inter-level travel time spent in this place.
 D = Time resting spent in this place.
 E = Time spent auto-exploring this place.
 F = Levels seen in this place.
 G = Mean time per level.
                   A        B        C        D        E       F      G
               +--------+--------+--------+--------+--------+-----+--------+
         Total |  10009 |   9333 |    676 |   1583 |   6083 |  11 |  909.9 |
       Dungeon |   9685 |   9039 |    646 |   1583 |   5794 |  10 |  968.5 |
        Temple |    324 |    294 |     30 |      0 |    289 |   1 |  324.0 |
               +--------+--------+--------+--------+--------+-----+--------+

Top non-repeatable levels by time:
     D:8: 2208 daAuts
     D:2: 1204 daAuts
     D:5: 1195 daAuts
    D:10: 968 daAuts
     D:3: 937 daAuts
     D:4: 848 daAuts
     D:7: 747 daAuts
     D:1: 629 daAuts
     D:6: 584 daAuts
     D:9: 361 daAuts
  Temple: 324 daAuts
